Rangers vs Jets
Created - April 3, 2024 at 19:22
Goals
|
| Rangers |
0 |
0 |
1 |
1 |
| Jets |
1 |
2 |
1 |
4 |
|
Shots
|
| Rangers |
9 |
8 |
11 |
28 |
| Jets |
16 |
8 |
6 |
30 |
|
1st period
1. Jets , Alex Galchenyuk 42 (Tyler Seguin 38, Ryan Johansen 42) at 5:29 (PP)
Penalties :
Devante Smith-Pelly (NyR) for High sticking (Minor) at 5:26, Cale Makar (NyR) for Close Hand On Puck (Minor) at 10:39, Nino Niederreiter (Win) for Hooking (Minor) at 14:55
2nd period
2. Jets , Tyler Toffoli 23 (Ryan Johansen 43, Alex Galchenyuk 40) at 15:55 (PP)
3. Jets , Alex Galchenyuk 43 (Ryan Johansen 44) at 18:13 (PP)
Penalties :
Ondrej Palat (NyR) for Hooking (Minor) at 1:43, Sean Couturier (NyR) for Diving (Minor) at 15:39, Ryan Strome (NyR) for Interference (Minor) at 18:11
3rd period
4. Rangers , T.J Galiardi 7 (Richard Panik 12, Patrik Nemeth 8) at 5:15
5. Jets , Anthony Mantha 18 (Henrik Zetterberg 3, Adam Larsson 25) at 10:09
Penalties :
Milan Lucic (NyR) for Interference (Minor) at 10:36
Goalie Stats
Samuel Montembeault (NyR), 26 saves from 30 shots - (0.867), L, 18-15-3, 60:00 minutes
Jacob Markstrom (Win), 27 saves from 28 shots - (0.964), W, 27-25-7, 60:00 minutes
Players Stats for Rangers
Player Name G A P +/- PIM S H SB GA TA FO MP PP MP PK MP
------------------------------------------------------------------------------------
Cale Makar 0 0 0 0 2 2 1 0 2 1 0/0 22:17 1:15 0:00
Devante Smith-Pelly 0 0 0 0 2 1 4 0 0 1 0/2 16:21 1:00 0:00
Dmitry Kulikov 0 0 0 0 0 1 0 0 1 2 0/0 21:32 0:00 3:49
Henrik Samuelsson 0 0 0 -1 0 0 2 0 0 0 4/7 13:20 0:00 1:30
Jake McCabe 0 0 0 0 0 2 2 2 0 1 0/0 25:29 0:44 3:49
Mikhail Sergachev 0 0 0 0 0 1 0 1 0 1 0/0 20:15 0:00 2:29
Milan Lucic 0 0 0 0 2 1 1 1 4 1 0/3 18:54 1:00 0:18
Oliver Bjorkstrand 0 0 0 -1 0 2 1 0 0 1 1/2 12:24 0:00 0:50
Ondrej Palat 0 0 0 -1 2 3 0 0 0 0 0/0 12:39 0:59 0:16
Patrik Nemeth 0 1 1 0 0 1 0 0 0 1 0/0 15:27 0:00 2:29
Richard Panik 0 1 1 1 0 2 0 1 0 0 0/0 9:13 0:00 1:30
Ryan Strome 0 0 0 0 2 3 0 0 1 0 1/1 18:07 0:59 0:00
Samuel Blais 0 0 0 0 0 2 5 0 0 0 0/0 16:48 1:15 0:00
Sean Couturier 0 0 0 0 2 4 1 0 0 0 10/32 22:05 1:00 3:58
Seth Griffith 0 0 0 1 0 0 0 0 0 0 0/0 7:21 0:00 0:00
T.J Galiardi 1 0 1 1 0 1 1 0 0 0 0/2 11:50 0:00 4:14
Tomas Hertl 0 0 0 0 0 2 0 0 0 2 3/9 16:23 0:59 0:00
Vince Dunn 0 0 0 0 0 0 0 0 0 1 0/0 13:11 0:44 0:00
Players Stats for Jets
Player Name G A P +/- PIM S H SB GA TA FO MP PP MP PK MP
------------------------------------------------------------------------------------
Adam Larsson 0 1 1 1 0 2 0 1 0 0 0/0 23:28 0:00 1:17
Alex Galchenyuk 2 1 3 -1 0 8 2 0 2 0 1/1 21:56 3:52 0:34
Anthony Mantha 1 0 1 1 0 3 0 0 1 0 0/2 14:16 2:33 0:00
Dougie Hamilton 0 0 0 1 0 1 2 1 1 1 0/0 24:55 3:45 1:17
Erik Cernak 0 0 0 0 0 0 1 2 0 2 0/0 19:17 0:00 0:00
Frank Vatrano 0 0 0 1 0 0 1 0 1 0 0/0 10:54 0:00 0:33
Henrik Zetterberg 0 1 1 1 0 0 0 0 0 0 4/6 11:36 0:00 0:58
Kyle Connor 0 0 0 0 0 1 1 1 1 0 0/0 8:37 0:00 0:00
Max Domi 0 0 0 0 0 2 2 0 0 0 7/9 18:43 2:26 0:46
Mirco Mueller 0 0 0 -1 0 1 0 0 0 0 0/0 12:39 0:00 0:00
Nino Niederreiter 0 0 0 0 2 2 3 0 1 0 0/1 18:20 2:26 0:00
Noel Acciari 0 0 0 0 0 3 0 1 0 0 1/2 9:38 0:00 1:01
Ryan Johansen 0 3 3 -1 0 3 1 0 0 1 26/35 19:14 3:52 0:06
Ryan Murray 0 0 0 0 0 0 2 4 1 2 0/0 16:43 0:00 0:42
Sam Reinhart 0 0 0 0 0 1 2 0 0 0 0/0 11:13 2:33 0:00
Troy Stetcher 0 0 0 -1 0 0 0 0 0 1 0/0 17:20 3:45 0:42
Tyler Seguin 0 1 1 0 0 0 3 0 3 1 0/1 18:49 3:36 0:00
Tyler Toffoli 1 0 1 -1 0 3 0 0 1 0 0/1 20:22 2:42 0:00
3 Stars
1 - Alex Galchenyuk (Win)
2 - Jacob Markstrom (Win)
3 - Ryan Johansen (Win)
Power Play
Rangers - 0 on 1 Attempt(s) - 0.00%
Jets - 3 on 6 Attempt(s) - 50.00%
Penalty Kill
Rangers - 3 on 6 Attempt(s) - 50.00%
- Score 0 goal in Penalty Kill
Jets - 1 on 1 Attempt(s) - 100.00%
- Score 0 goal in Penalty Kill
Team Stat
Rangers - Hits : 18 - Faceoff Wins : 19 - Blocked Shots : 5 - Penalty Minutes : 12
Jets - Hits : 20 - Faceoff Wins : 39 - Blocked Shots : 10 - Penalty Minutes : 2
Official
Referees : Brian Pochmara and Peter MacDougall
Linesman : Steve Barton and Tyson Baker
Game Notes
Ryan Johansen is injured at 12:53 of 3rd period (Chest/Ribs)
Finance
Level 1 -- Attendance: 6000 (100.00%) -- Ticket Income $600,000
Level 2 -- Attendance: 4750 (95.00%) -- Ticket Income $285,000
Level 3 -- Attendance: 2000 (100.00%) -- Ticket Income $70,000
Level 4 -- Attendance: 4000 (100.00%) -- Ticket Income $100,000
Luxury Box -- Attendance: 927 (92.70%) -- Ticket Income $185,400
Game was played at the Bell MTS Place.
Total Attendance: 17677 (98.21%)
Total Ticket Income: $1,240,400
Other Income: $186,060
Total Income: $1,426,460
Rangers
5 vs 5 Forward
Center Left Wing Right Wing Time % Phy DF OF
1 Sean Couturier Milan Lucic Ryan Strome 40 1 2 2
2 Tomas Hertl Samuel Blais Devante Smith-Pelly 30 1 2 2
3 Henrik Samuelsson Ondrej Palat Oliver Bjorkstrand 20 1 2 2
4 Seth Griffith T.J Galiardi Richard Panik 10 1 2 2
5 vs 5 Defense
Defense Defense Time % Phy DF OF
1 Jake McCabe Cale Makar 40 1 2 2
2 Dmitry Kulikov Mikhail Sergachev 30 1 2 2
3 Patrik Nemeth Vince Dunn 20 1 2 2
4 Jake McCabe Cale Makar 10 1 2 2
PowerPlay Forward
Center Left Wing Right Wing Time % Phy DF OF
1 Sean Couturier Milan Lucic Devante Smith-Pelly 60 1 2 2
2 Tomas Hertl Ondrej Palat Ryan Strome 40 1 2 2
PowerPlay Defense
Defense Defense Time % Phy DF OF
1 Cale Makar Samuel Blais 60 1 2 2
2 Vince Dunn Jake McCabe 40 1 2 2
Penalty Kill 4 Players Forward
Center Wing Time % Phy DF OF
1 Sean Couturier T.J Galiardi 60 1 2 2
2 Henrik Samuelsson Richard Panik 40 1 2 2
Penalty Kill 4 Players Defense
Defense Defense Time % Phy DF OF
1 Jake McCabe Dmitry Kulikov 60 1 2 2
2 Patrik Nemeth Mikhail Sergachev 40 1 2 2
Penalty Kill - 3 Players Forward
Forward Time % Phy DF OF
1 Henrik Samuelsson 60 1 2 2
2 Sean Couturier 40 1 2 2
Penalty Kill - 3 Players Defense
Defense Defense Time % Phy DF OF
1 Jake McCabe Dmitry Kulikov 60 1 2 2
2 Patrik Nemeth Mikhail Sergachev 40 1 2 2
4 vs 4 Forward
Center Wing Time % Phy DF OF
1 Milan Lucic Sean Couturier 60 1 2 2
2 Tomas Hertl Devante Smith-Pelly 40 1 2 2
4 vs 4 Defense
Defense Defense Time % Phy DF OF
1 Jake McCabe Cale Makar 60 1 2 2
2 Dmitry Kulikov Mikhail Sergachev 40 1 2 2
Last Minutes Offensive
Center Left Wing Right Wing Defense Defense
Sean Couturier Milan Lucic Ryan Strome Jake McCabe Cale Makar
Last Minutes Defensive
Center Left Wing Right Wing Defense Defense
Sean Couturier T.J Galiardi Devante Smith-Pelly Jake McCabe Dmitry Kulikov
Goaltenders
Starting : Samuel Montembeault
Backup : Frederik Andersen
Extra Forwards
Normal : Samuel Blais, Richard Panik, Oliver Bjorkstrand - PP : Samuel Blais, Richard Panik - PK : Oliver Bjorkstrand
Extra Defensemen
Normal : Mikhail Sergachev, Vince Dunn, Patrik Nemeth - PP : Mikhail Sergachev - PK : Vince Dunn, Patrik Nemeth
Penalty Shots
Milan Lucic, Sean Couturier, Tomas Hertl, Devante Smith-Pelly, Ryan Strome
Custom OT Lines Forwards
Milan Lucic, Sean Couturier, Tomas Hertl, Devante Smith-Pelly, Ryan Strome, Samuel Blais, Ondrej Palat, Oliver Bjorkstrand, T.J Galiardi, Richard Panik
Custom OT Lines Defensemen
Jake McCabe, Cale Makar, Dmitry Kulikov, Mikhail Sergachev, Vince Dunn
Scratches
Chris Mcallister (Healthy), Magnus Paajarvi (Healthy)
Jets
5 vs 5 Forward
Center Left Wing Right Wing Time % Phy DF OF
1 Ryan Johansen Alex Galchenyuk Tyler Toffoli 40 1 2 2
2 Max Domi Nino Niederreiter Tyler Seguin 30 1 2 2
3 Henrik Zetterberg Anthony Mantha Frank Vatrano 20 1 2 2
4 Noel Acciari Kyle Connor Sam Reinhart 10 1 2 2
5 vs 5 Defense
Defense Defense Time % Phy DF OF
1 Adam Larsson Dougie Hamilton 40 1 2 2
2 Ryan Murray Erik Cernak 30 1 2 2
3 Mirco Mueller Troy Stetcher 20 1 2 2
4 Erik Cernak Adam Larsson 10 1 2 2
PowerPlay Forward
Center Left Wing Right Wing Time % Phy DF OF
1 Ryan Johansen Alex Galchenyuk Tyler Seguin 60 1 2 2
2 Max Domi Nino Niederreiter Tyler Toffoli 40 1 2 2
PowerPlay Defense
Defense Defense Time % Phy DF OF
1 Troy Stetcher Dougie Hamilton 60 1 2 2
2 Sam Reinhart Anthony Mantha 40 1 2 2
Penalty Kill 4 Players Forward
Center Wing Time % Phy DF OF
1 Noel Acciari Henrik Zetterberg 60 1 2 2
2 Nino Niederreiter Frank Vatrano 40 1 2 2
Penalty Kill 4 Players Defense
Defense Defense Time % Phy DF OF
1 Adam Larsson Dougie Hamilton 60 1 2 2
2 Ryan Murray Troy Stetcher 40 1 2 2
Penalty Kill - 3 Players Forward
Forward Time % Phy DF OF
1 Noel Acciari 60 1 2 2
2 Anthony Mantha 40 1 2 2
Penalty Kill - 3 Players Defense
Defense Defense Time % Phy DF OF
1 Adam Larsson Dougie Hamilton 60 1 2 2
2 Ryan Murray Troy Stetcher 40 1 2 2
4 vs 4 Forward
Center Wing Time % Phy DF OF
1 Ryan Johansen Alex Galchenyuk 60 1 2 2
2 Max Domi Tyler Seguin 40 1 2 2
4 vs 4 Defense
Defense Defense Time % Phy DF OF
1 Adam Larsson Dougie Hamilton 60 1 2 2
2 Ryan Murray Troy Stetcher 40 1 2 2
Last Minutes Offensive
Center Left Wing Right Wing Defense Defense
Ryan Johansen Alex Galchenyuk Tyler Seguin Adam Larsson Dougie Hamilton
Last Minutes Defensive
Center Left Wing Right Wing Defense Defense
Ryan Johansen Alex Galchenyuk Tyler Seguin Adam Larsson Dougie Hamilton
Goaltenders
Starting : Jacob Markstrom
Backup : Elvis Merzlikins
Extra Forwards
Normal : Tyler Toffoli, Anthony Mantha, Nino Niederreiter - PP : Tyler Toffoli, Anthony Mantha - PK : Nino Niederreiter
Extra Defensemen
Normal : Mirco Mueller, Ryan Murray, Erik Cernak - PP : Mirco Mueller - PK : Ryan Murray, Erik Cernak
Penalty Shots
Alex Galchenyuk, Tyler Seguin, Ryan Johansen, Nino Niederreiter, Tyler Toffoli
Custom OT Lines Forwards
Alex Galchenyuk, Tyler Seguin, Ryan Johansen, Nino Niederreiter, Tyler Toffoli, Anthony Mantha, Max Domi, Sam Reinhart, Noel Acciari, Frank Vatrano
Custom OT Lines Defensemen
Adam Larsson, Dougie Hamilton, Ryan Murray, Troy Stetcher, Mirco Mueller
Scratches
None
% Time on Ice - Rangers
Lines # - Real PCT - Wanted PCT - Time Play
Normal Forward
1 - 33% - 40% - 17:08
2 - 30% - 30% - 15:40
3 - 22% - 20% - 11:34
4 - 14% - 10% - 7:21
Normal Defense
1 - 37% - 40% - 19:21
2 - 34% - 30% - 17:46
3 - 24% - 20% - 12:27
4 - 4% - 10% - 2:09
PP Forward
1 - 50% - 60% - 1:00
2 - 50% - 40% - 0:59
PP Defense
1 - 63% - 60% - 1:15
2 - 37% - 40% - 0:44
PK Forward
1 - 76% - 60% - 4:48
2 - 24% - 40% - 1:30
PK Defense
1 - 61% - 60% - 3:49
2 - 39% - 40% - 2:29
PK3 Forward
1 - 0% - 60%
2 - 0% - 40%
PK3 Defense
1 - 0% - 60%
2 - 0% - 40%
44 Forward
1 - 0% - 60%
2 - 0% - 40%
44 Defense
1 - 0% - 60%
2 - 0% - 40%
Last Minute Offensive - 0:00
Last Minute Defensive - 0:00
Total
Forward - 60:00
Defense - 60:00
|
% Time on Ice - Jets
Lines # - Real PCT - Wanted PCT - Time Play
Normal Forward
1 - 34% - 40% - 17:27
2 - 30% - 30% - 15:31
3 - 20% - 20% - 10:08
4 - 17% - 10% - 8:37
Normal Defense
1 - 39% - 40% - 20:14
2 - 29% - 30% - 15:13
3 - 24% - 20% - 12:39
4 - 7% - 10% - 3:37
PP Forward
1 - 61% - 60% - 3:52
2 - 39% - 40% - 2:26
PP Defense
1 - 60% - 60% - 3:45
2 - 40% - 40% - 2:33
PK Forward
1 - 72% - 60% - 1:26
2 - 28% - 40% - 0:33
PK Defense
1 - 65% - 60% - 1:17
2 - 35% - 40% - 0:42
PK3 Forward
1 - 0% - 60%
2 - 0% - 40%
PK3 Defense
1 - 0% - 60%
2 - 0% - 40%
44 Forward
1 - 0% - 60%
2 - 0% - 40%
44 Defense
1 - 0% - 60%
2 - 0% - 40%
Last Minute Offensive - 0:00
Last Minute Defensive - 0:00
Total
Forward - 60:00
Defense - 60:00
|
Play-by-Play
1st period
0:01 of 1st period - Ryan Johansen wins face-off versus Sean Couturier in neutral zone.
0:06 of 1st period - Slapshot by Adam Larsson.
0:06 of 1st period - Shot Blocked by Milan Lucic.
0:12 of 1st period - Wrist shot by Sean Couturier.
0:12 of 1st period - Deflect By Adam Larsson.
0:12 of 1st period - Shot Blocked by Dougie Hamilton.
0:12 of 1st period - Puck is out of play.
0:13 of 1st period - Max Domi wins face-off versus Tomas Hertl in Jets zone.
0:13 of 1st period - Max Domi is hit by Samuel Blais.
0:25 of 1st period - Snap shot by Tomas Hertl.
0:25 of 1st period - Stopped by Jacob Markstrom without a rebound.
0:26 of 1st period - Henrik Samuelsson wins face-off versus Henrik Zetterberg in Jets zone.
0:35 of 1st period - Slapshot by Oliver Bjorkstrand.
0:35 of 1st period - Shot Misses the Net.
0:43 of 1st period - Wrist shot by Ondrej Palat.
0:43 of 1st period - Shot Misses the Net.
1:43 of 1st period - Snap shot by T.J Galiardi.
1:43 of 1st period - Shot Misses the Net.
1:45 of 1st period - Snap shot by Patrik Nemeth.
1:45 of 1st period - Stopped by Jacob Markstrom without a rebound.
1:46 of 1st period - Sean Couturier wins face-off versus Ryan Johansen in Jets zone.
2:13 of 1st period - Cale Makar is hit by Nino Niederreiter.
3:17 of 1st period - Milan Lucic is hit by Alex Galchenyuk and loses puck.
3:26 of 1st period - Adam Larsson is hit by Cale Makar and loses puck.
4:19 of 1st period - Cale Makar is hit by Kyle Connor.
4:42 of 1st period - Wrist shot by Mirco Mueller.
4:42 of 1st period - Shot Blocked by Mikhail Sergachev.
4:44 of 1st period - Slapshot by Mirco Mueller.
4:44 of 1st period - Stopped by Samuel Montembeault with a rebound.
4:46 of 1st period - Snap shot by Ryan Johansen.
4:46 of 1st period - Stopped by Samuel Montembeault with a rebound.
5:03 of 1st period - Icing by Jake McCabe.
5:04 of 1st period - Tomas Hertl wins face-off versus Max Domi in Rangers zone.
5:26 of 1st period - Minor Penalty to Devante Smith-Pelly for High sticking.
5:27 of 1st period - Ryan Johansen wins face-off versus Sean Couturier in Rangers zone.
5:27 of 1st period - Slapshot by Tyler Seguin.
5:27 of 1st period - Shot Misses the Net.
5:29 of 1st period - Snap shot by Alex Galchenyuk.
5:29 of 1st period - Goal by Alex Galchenyuk - Rangers : 0 - Jets : 1.
5:30 of 1st period - Ryan Johansen wins face-off versus Milan Lucic in neutral zone.
6:21 of 1st period - Off-side.
6:22 of 1st period - Tomas Hertl wins face-off versus Max Domi in neutral zone.
6:25 of 1st period - Snap shot by Tomas Hertl.
6:25 of 1st period - Shot Blocked by Adam Larsson.
6:34 of 1st period - Off-side.
6:35 of 1st period - Ryan Johansen wins face-off versus Sean Couturier in neutral zone.
6:40 of 1st period - Wrist shot by Ryan Johansen.
6:40 of 1st period - Shot Misses the Net.
6:42 of 1st period - Slapshot by Adam Larsson.
6:42 of 1st period - Stopped by Samuel Montembeault without a rebound.
6:43 of 1st period - Ryan Johansen wins face-off versus Sean Couturier in Rangers zone.
7:12 of 1st period - Wrist shot by Alex Galchenyuk.
7:12 of 1st period - Stopped by Samuel Montembeault with a rebound.
7:14 of 1st period - Slapshot by Alex Galchenyuk.
7:14 of 1st period - Stopped by Samuel Montembeault without a rebound.
7:15 of 1st period - Henrik Zetterberg wins face-off versus Tomas Hertl in Rangers zone.
7:16 of 1st period - Snap shot by Anthony Mantha.
7:16 of 1st period - Stopped by Samuel Montembeault without a rebound.
7:17 of 1st period - Henrik Zetterberg wins face-off versus Devante Smith-Pelly in Rangers zone.
7:53 of 1st period - Slapshot by Alex Galchenyuk.
7:53 of 1st period - Stopped by Samuel Montembeault with a rebound.
7:55 of 1st period - Wrist shot by Alex Galchenyuk.
7:55 of 1st period - Shot Misses the Net.
8:07 of 1st period - Wrist shot by Nino Niederreiter.
8:07 of 1st period - Deflect By Max Domi.
8:07 of 1st period - Stopped by Samuel Montembeault with a rebound.
8:17 of 1st period - Slapshot by Oliver Bjorkstrand.
8:17 of 1st period - Stopped by Jacob Markstrom without a rebound.
8:18 of 1st period - Alex Galchenyuk wins face-off versus Tomas Hertl in Jets zone.
8:43 of 1st period - Mikhail Sergachev is hit by Tyler Seguin and loses puck.
8:48 of 1st period - Snap shot by Nino Niederreiter.
8:48 of 1st period - Shot Misses the Net.
8:52 of 1st period - Snap shot by Nino Niederreiter.
8:52 of 1st period - Shot Misses the Net.
9:13 of 1st period - Mikhail Sergachev is hit by Frank Vatrano and loses puck.
9:34 of 1st period - Wrist shot by Richard Panik.
9:34 of 1st period - Stopped by Jacob Markstrom without a rebound.
9:35 of 1st period - Ryan Johansen wins face-off versus Sean Couturier in Jets zone.
9:44 of 1st period - Slapshot by Adam Larsson.
9:44 of 1st period - Shot Misses the Net.
9:49 of 1st period - Off-side.
9:50 of 1st period - Max Domi wins face-off versus Devante Smith-Pelly in neutral zone.
10:03 of 1st period - Snap shot by Samuel Blais.
10:03 of 1st period - Stopped by Jacob Markstrom without a rebound.
10:04 of 1st period - Ryan Johansen wins face-off versus Milan Lucic in Jets zone.
10:39 of 1st period - Minor Penalty to Cale Makar for Close Hand On Puck.
10:40 of 1st period - Sean Couturier wins face-off versus Ryan Johansen in Rangers zone.
10:52 of 1st period - Snap shot by Sean Couturier.
10:52 of 1st period - Stopped by Jacob Markstrom without a rebound.
10:53 of 1st period - Ryan Johansen wins face-off versus T.J Galiardi in Jets zone.
11:05 of 1st period - Wrist shot by Dougie Hamilton.
11:05 of 1st period - Stopped by Samuel Montembeault without a rebound.
11:06 of 1st period - Sean Couturier wins face-off versus Tyler Seguin in Rangers zone.
11:19 of 1st period - Wrist shot by Alex Galchenyuk.
11:19 of 1st period - Stopped by Samuel Montembeault with a rebound.
11:21 of 1st period - Slapshot by Dougie Hamilton.
11:21 of 1st period - Deflect By Alex Galchenyuk.
11:21 of 1st period - Stopped by Samuel Montembeault with a rebound.
11:23 of 1st period - Snap shot by Alex Galchenyuk.
11:23 of 1st period - Shot Misses the Net.
11:39 of 1st period - Wrist shot by Nino Niederreiter.
11:39 of 1st period - Stopped by Samuel Montembeault with a rebound.
11:41 of 1st period - Slapshot by Troy Stetcher.
11:41 of 1st period - Shot Misses the Net.
11:43 of 1st period - Wrist shot by Max Domi.
11:43 of 1st period - Shot Blocked by Jake McCabe.
12:39 of 1st period - Penalty to Cale Makar is over, Cale Makar is back on ice.
12:58 of 1st period - Icing by Jake McCabe.
12:59 of 1st period - Tomas Hertl wins face-off versus Noel Acciari in Rangers zone.
13:12 of 1st period - Wrist shot by Samuel Blais.
13:12 of 1st period - Shot Misses the Net.
13:16 of 1st period - Slapshot by Samuel Blais.
13:16 of 1st period - Shot Misses the Net.
13:18 of 1st period - Wrist shot by Samuel Blais.
13:18 of 1st period - Stopped by Jacob Markstrom without a rebound.
13:19 of 1st period - Henrik Samuelsson wins face-off versus Ryan Johansen in Jets zone.
13:46 of 1st period - Sean Couturier is hit by Nino Niederreiter and loses puck.
14:11 of 1st period - Slapshot by Tomas Hertl.
14:11 of 1st period - Shot Blocked by Ryan Murray.
14:17 of 1st period - Wrist shot by Anthony Mantha.
14:17 of 1st period - Stopped by Samuel Montembeault with a rebound.
14:35 of 1st period - Wrist shot by Kyle Connor.
14:35 of 1st period - Stopped by Samuel Montembeault without a rebound.
14:36 of 1st period - Ryan Johansen wins face-off versus Sean Couturier in Rangers zone.
14:37 of 1st period - Snap shot by Tyler Toffoli.
14:37 of 1st period - Deflect By Ryan Strome.
14:37 of 1st period - Stopped by Samuel Montembeault with a rebound.
14:51 of 1st period - Wrist shot by Ryan Strome.
14:51 of 1st period - Stopped by Jacob Markstrom without a rebound.
14:52 of 1st period - Henrik Samuelsson wins face-off versus Nino Niederreiter in Jets zone.
14:53 of 1st period - Slapshot by Cale Makar.
14:53 of 1st period - Deflect By Dougie Hamilton.
14:53 of 1st period - Stopped by Jacob Markstrom with a rebound.
14:55 of 1st period - Minor Penalty to Nino Niederreiter for Hooking.
14:56 of 1st period - Noel Acciari wins face-off versus Sean Couturier in Jets zone.
15:29 of 1st period - Henrik Zetterberg is hit by Jake McCabe and loses puck.
16:55 of 1st period - Penalty to Nino Niederreiter is over, Nino Niederreiter is back on ice.
17:17 of 1st period - Sam Reinhart is hit by Samuel Blais and loses puck.
18:24 of 1st period - Devante Smith-Pelly is hit by Sam Reinhart and loses puck.
19:16 of 1st period - Ondrej Palat is hit by Tyler Seguin and loses puck.
19:58 of 1st period - Noel Acciari is hit by T.J Galiardi.
Goals for this period are 0 for Rangers vs 1 for Jets.
Shots for this period are 9 for Rangers vs 16 for Jets.
2nd period
0:01 of 2nd period - Ryan Johansen wins face-off versus Milan Lucic in neutral zone.
0:17 of 2nd period - Snap shot by Sean Couturier.
0:17 of 2nd period - Stopped by Jacob Markstrom with a rebound.
0:37 of 2nd period - Snap shot by Nino Niederreiter.
0:37 of 2nd period - Shot Misses the Net.
0:39 of 2nd period - Slapshot by Adam Larsson.
0:39 of 2nd period - Stopped by Samuel Montembeault without a rebound.
0:40 of 2nd period - Sean Couturier wins face-off versus Ryan Johansen in Rangers zone.
1:17 of 2nd period - Snap shot by Devante Smith-Pelly.
1:17 of 2nd period - Shot Blocked by Erik Cernak.
1:19 of 2nd period - Snap shot by Tomas Hertl.
1:19 of 2nd period - Stopped by Jacob Markstrom without a rebound.
1:20 of 2nd period - Henrik Zetterberg wins face-off versus Henrik Samuelsson in Jets zone.
1:43 of 2nd period - Minor Penalty to Ondrej Palat for Hooking.
1:44 of 2nd period - Ryan Johansen wins face-off versus Sean Couturier in Rangers zone.
1:47 of 2nd period - Slapshot by Alex Galchenyuk.
1:47 of 2nd period - Stopped by Samuel Montembeault without a rebound.
1:48 of 2nd period - Sean Couturier wins face-off versus Ryan Johansen in Rangers zone.
2:11 of 2nd period - Off-side.
2:12 of 2nd period - Max Domi wins face-off versus Sean Couturier in neutral zone.
2:21 of 2nd period - Wrist shot by Tyler Toffoli.
2:21 of 2nd period - Shot Blocked by Jake McCabe.
2:25 of 2nd period - Wrist shot by Max Domi.
2:25 of 2nd period - Deflect By Tyler Toffoli.
2:25 of 2nd period - Shot Hit the Post.
2:25 of 2nd period - Puck is out of play.
2:26 of 2nd period - Sean Couturier wins face-off versus Ryan Johansen in Rangers zone.
3:43 of 2nd period - Penalty to Ondrej Palat is over, Ondrej Palat is back on ice.
5:05 of 2nd period - Mikhail Sergachev is hit by Nino Niederreiter and loses puck.
5:52 of 2nd period - T.J Galiardi is hit by Sam Reinhart.
6:02 of 2nd period - Wrist shot by Max Domi.
6:02 of 2nd period - Stopped by Samuel Montembeault with a rebound.
8:42 of 2nd period - Wrist shot by Oliver Bjorkstrand.
8:42 of 2nd period - Shot Misses the Net.
9:22 of 2nd period - Milan Lucic is hit by Ryan Murray and loses puck.
10:01 of 2nd period - Samuel Blais is hit by Max Domi.
10:37 of 2nd period - Wrist shot by Troy Stetcher.
10:37 of 2nd period - Shot Misses the Net.
10:39 of 2nd period - Wrist shot by Noel Acciari.
10:39 of 2nd period - Stopped by Samuel Montembeault without a rebound.
10:40 of 2nd period - Ryan Johansen wins face-off versus Henrik Samuelsson in Rangers zone.
11:54 of 2nd period - Slapshot by Tyler Toffoli.
11:54 of 2nd period - Shot Blocked by Richard Panik.
12:28 of 2nd period - Dougie Hamilton is hit by Devante Smith-Pelly and loses puck.
12:41 of 2nd period - Slapshot by Cale Makar.
12:41 of 2nd period - Shot Misses the Net.
12:47 of 2nd period - Dougie Hamilton is hit by Devante Smith-Pelly and loses puck.
13:39 of 2nd period - Snap shot by Tomas Hertl.
13:39 of 2nd period - Shot Misses the Net.
13:41 of 2nd period - Snap shot by Tomas Hertl.
13:41 of 2nd period - Shot Misses the Net.
13:53 of 2nd period - Wrist shot by Tyler Seguin.
13:53 of 2nd period - Shot Misses the Net.
14:29 of 2nd period - Snap shot by Nino Niederreiter.
14:29 of 2nd period - Stopped by Samuel Montembeault without a rebound.
14:30 of 2nd period - Sean Couturier wins face-off versus Tyler Toffoli in Rangers zone.
14:30 of 2nd period - Sean Couturier is hit by Ryan Johansen.
14:35 of 2nd period - Mikhail Sergachev is hit by Alex Galchenyuk and loses puck.
14:58 of 2nd period - Snap shot by Erik Cernak.
14:58 of 2nd period - Shot Misses the Net.
15:00 of 2nd period - Slapshot by Anthony Mantha.
15:00 of 2nd period - Deflect By Frank Vatrano.
15:00 of 2nd period - Shot Misses the Net.
15:00 of 2nd period - Puck is out of play.
15:01 of 2nd period - Henrik Samuelsson wins face-off versus Henrik Zetterberg in Rangers zone.
15:39 of 2nd period - Minor Penalty to Sean Couturier for Diving.
15:40 of 2nd period - Oliver Bjorkstrand wins face-off versus Ryan Johansen in Rangers zone.
15:53 of 2nd period - Backhand shot by Tyler Toffoli.
15:53 of 2nd period - Shot Misses the Net.
15:55 of 2nd period - Slapshot by Tyler Toffoli.
15:55 of 2nd period - Goal by Tyler Toffoli - Rangers : 0 - Jets : 2.
15:56 of 2nd period - Sean Couturier wins face-off versus Ryan Johansen in neutral zone.
16:11 of 2nd period - Slapshot by Sean Couturier.
16:11 of 2nd period - Shot Misses the Net.
16:13 of 2nd period - Wrist shot by Sean Couturier.
16:13 of 2nd period - Shot Blocked by Ryan Murray.
16:23 of 2nd period - Devante Smith-Pelly is hit by Ryan Murray.
17:59 of 2nd period - Snap shot by Noel Acciari.
17:59 of 2nd period - Shot Hit the Post.
18:01 of 2nd period - Snap shot by Kyle Connor.
18:01 of 2nd period - Shot Misses the Net.
18:05 of 2nd period - Snap shot by Noel Acciari.
18:05 of 2nd period - Stopped by Samuel Montembeault with a rebound.
18:11 of 2nd period - Minor Penalty to Ryan Strome for Interference.
18:12 of 2nd period - Ryan Johansen wins face-off versus Sean Couturier in Rangers zone.
18:13 of 2nd period - Wrist shot by Alex Galchenyuk.
18:13 of 2nd period - Goal by Alex Galchenyuk - Rangers : 0 - Jets : 3.
18:14 of 2nd period - Ryan Strome wins face-off versus Ryan Johansen in neutral zone.
18:23 of 2nd period - Snap shot by Jake McCabe.
18:23 of 2nd period - Shot Blocked by Ryan Murray.
18:57 of 2nd period - Ryan Murray is hit by Devante Smith-Pelly and loses puck.
19:05 of 2nd period - Icing by Erik Cernak.
19:06 of 2nd period - Henrik Zetterberg wins face-off versus Henrik Samuelsson in Jets zone.
19:06 of 2nd period - Henrik Zetterberg is hit by Henrik Samuelsson.
19:18 of 2nd period - Wrist shot by Oliver Bjorkstrand.
19:18 of 2nd period - Deflect By Henrik Zetterberg.
19:18 of 2nd period - Stopped by Jacob Markstrom with a rebound.
19:20 of 2nd period - Snap shot by Ondrej Palat.
19:20 of 2nd period - Stopped by Jacob Markstrom with a rebound.
19:22 of 2nd period - Slapshot by Dmitry Kulikov.
19:22 of 2nd period - Stopped by Jacob Markstrom with a rebound.
19:36 of 2nd period - Wrist shot by Sean Couturier.
19:36 of 2nd period - Stopped by Jacob Markstrom without a rebound.
19:37 of 2nd period - Ryan Johansen wins face-off versus Sean Couturier in Jets zone.
19:48 of 2nd period - Wrist shot by Sean Couturier.
19:48 of 2nd period - Stopped by Jacob Markstrom with a rebound.
19:50 of 2nd period - Slapshot by Jake McCabe.
19:50 of 2nd period - Stopped by Jacob Markstrom without a rebound.
19:51 of 2nd period - Ryan Johansen wins face-off versus Sean Couturier in Jets zone.
Goals for this period are 0 for Rangers vs 2 for Jets.
Shots for this period are 8 for Rangers vs 8 for Jets.
3rd period
0:01 of 3rd period - Ryan Johansen wins face-off versus Sean Couturier in neutral zone.
0:26 of 3rd period - Tyler Seguin is hit by Samuel Blais and loses puck.
0:56 of 3rd period - Wrist shot by Oliver Bjorkstrand.
0:56 of 3rd period - Shot Misses the Net.
0:58 of 3rd period - Wrist shot by Mikhail Sergachev.
0:58 of 3rd period - Stopped by Jacob Markstrom without a rebound.
0:59 of 3rd period - Ryan Johansen wins face-off versus Sean Couturier in Jets zone.
1:05 of 3rd period - Off-side.
1:06 of 3rd period - Ryan Johansen wins face-off versus Sean Couturier in neutral zone.
1:22 of 3rd period - Mikhail Sergachev is hit by Dougie Hamilton and loses puck.
2:15 of 3rd period - Wrist shot by Ryan Strome.
2:15 of 3rd period - Stopped by Jacob Markstrom without a rebound.
2:16 of 3rd period - Max Domi wins face-off versus Tomas Hertl in Jets zone.
2:16 of 3rd period - Max Domi is hit by Samuel Blais.
2:49 of 3rd period - Wrist shot by Devante Smith-Pelly.
2:49 of 3rd period - Stopped by Jacob Markstrom with a rebound.
3:06 of 3rd period - Snap shot by Cale Makar.
3:06 of 3rd period - Stopped by Jacob Markstrom with a rebound.
4:05 of 3rd period - Henrik Zetterberg is hit by Henrik Samuelsson and loses puck.
4:32 of 3rd period - Dmitry Kulikov is hit by Dougie Hamilton and loses puck.
4:49 of 3rd period - Sam Reinhart is hit by Oliver Bjorkstrand and loses puck.
5:13 of 3rd period - Wrist shot by Richard Panik.
5:13 of 3rd period - Shot Misses the Net.
5:15 of 3rd period - Slapshot by T.J Galiardi.
5:15 of 3rd period - Goal by T.J Galiardi - Rangers : 1 - Jets : 3.
5:16 of 3rd period - Ryan Johansen wins face-off versus Sean Couturier in neutral zone.
5:30 of 3rd period - Slapshot by Jake McCabe.
5:30 of 3rd period - Stopped by Jacob Markstrom without a rebound.
5:31 of 3rd period - Ryan Johansen wins face-off versus Sean Couturier in Jets zone.
6:01 of 3rd period - Samuel Blais is hit by Max Domi and loses puck.
6:58 of 3rd period - Snap shot by Ondrej Palat.
6:58 of 3rd period - Stopped by Jacob Markstrom with a rebound.
8:27 of 3rd period - Snap shot by Milan Lucic.
8:27 of 3rd period - Shot Misses the Net.
8:29 of 3rd period - Wrist shot by Ryan Strome.
8:29 of 3rd period - Stopped by Jacob Markstrom without a rebound.
8:30 of 3rd period - Ryan Johansen wins face-off versus Sean Couturier in Jets zone.
8:30 of 3rd period - Ryan Johansen is hit by Sean Couturier.
9:02 of 3rd period - Tyler Seguin is hit by Devante Smith-Pelly and loses puck.
9:07 of 3rd period - Wrist shot by Tomas Hertl.
9:07 of 3rd period - Shot Blocked by Erik Cernak.
9:09 of 3rd period - Snap shot by Tomas Hertl.
9:09 of 3rd period - Deflect By Devante Smith-Pelly.
9:09 of 3rd period - Shot Misses the Net.
9:09 of 3rd period - Puck is out of play.
9:10 of 3rd period - Max Domi wins face-off versus Tomas Hertl in Jets zone.
10:09 of 3rd period - Snap shot by Anthony Mantha.
10:09 of 3rd period - Goal by Anthony Mantha - Rangers : 1 - Jets : 4.
10:10 of 3rd period - Ryan Johansen wins face-off versus Sean Couturier in neutral zone.
10:15 of 3rd period - Wrist shot by Tyler Toffoli.
10:15 of 3rd period - Stopped by Samuel Montembeault with a rebound.
10:19 of 3rd period - Wrist shot by Ryan Johansen.
10:19 of 3rd period - Stopped by Samuel Montembeault without a rebound.
10:20 of 3rd period - Ryan Johansen wins face-off versus Sean Couturier in Rangers zone.
10:29 of 3rd period - Snap shot by Ryan Johansen.
10:29 of 3rd period - Stopped by Samuel Montembeault without a rebound.
10:30 of 3rd period - Ryan Johansen wins face-off versus Sean Couturier in Rangers zone.
10:36 of 3rd period - Minor Penalty to Milan Lucic for Interference.
10:37 of 3rd period - Ryan Johansen wins face-off versus Sean Couturier in Rangers zone.
11:50 of 3rd period - Slapshot by Jake McCabe.
11:50 of 3rd period - Shot Misses the Net.
11:52 of 3rd period - Snap shot by Ondrej Palat.
11:52 of 3rd period - Stopped by Jacob Markstrom without a rebound.
11:53 of 3rd period - Max Domi wins face-off versus Oliver Bjorkstrand in Jets zone.
12:36 of 3rd period - Penalty to Milan Lucic is over, Milan Lucic is back on ice.
12:47 of 3rd period - Snap shot by Milan Lucic.
12:47 of 3rd period - Shot Misses the Net.
12:49 of 3rd period - Wrist shot by Milan Lucic.
12:49 of 3rd period - Shot Misses the Net.
12:51 of 3rd period - Snap shot by Milan Lucic.
12:51 of 3rd period - Stopped by Jacob Markstrom without a rebound.
12:52 of 3rd period - Ryan Johansen wins face-off versus Tomas Hertl in Jets zone.
12:52 of 3rd period - Ryan Johansen is hit by Samuel Blais.
12:53 of 3rd period - Ryan Johansen from Jets is injured at 12:53 of 3rd period (Chest/Ribs).
12:54 of 3rd period - Sean Couturier wins face-off versus Anthony Mantha in Jets zone.
13:21 of 3rd period - Jake McCabe is hit by Tyler Seguin and loses puck.
13:42 of 3rd period - Slapshot by Dmitry Kulikov.
13:42 of 3rd period - Shot Misses the Net.
13:44 of 3rd period - Slapshot by Mikhail Sergachev.
13:44 of 3rd period - Shot Blocked by Ryan Murray.
13:50 of 3rd period - Snap shot by Richard Panik.
13:50 of 3rd period - Shot Blocked by Kyle Connor.
13:52 of 3rd period - Slapshot by Dmitry Kulikov.
13:52 of 3rd period - Shot Blocked by Noel Acciari.
15:01 of 3rd period - Backhand shot by Richard Panik.
15:01 of 3rd period - Stopped by Jacob Markstrom without a rebound.
15:02 of 3rd period - Max Domi wins face-off versus T.J Galiardi in Jets zone.
15:02 of 3rd period - Max Domi is hit by Jake McCabe.
16:29 of 3rd period - Wrist shot by Sam Reinhart.
16:29 of 3rd period - Stopped by Samuel Montembeault with a rebound.
16:35 of 3rd period - Snap shot by Noel Acciari.
16:35 of 3rd period - Shot Misses the Net.
16:37 of 3rd period - Wrist shot by Noel Acciari.
16:37 of 3rd period - Stopped by Samuel Montembeault without a rebound.
16:38 of 3rd period - Sean Couturier wins face-off versus Anthony Mantha in Rangers zone.
16:43 of 3rd period - Slapshot by Alex Galchenyuk.
16:43 of 3rd period - Shot Misses the Net.
16:57 of 3rd period - Dougie Hamilton is hit by Milan Lucic and loses puck.
19:53 of 3rd period - Milan Lucic is hit by Erik Cernak.
Goals for this period are 1 for Rangers vs 1 for Jets.
Shots for this period are 11 for Rangers vs 6 for Jets.